[Event "VI Floripa Open 2020"]
[Site "Florianopolis"]
[Date "2020.01.20"]
[Round "1.164"]
[White "Da Silva, Kauan Salvagni Teles"]
[Black "Santana Magalhaes, Amanda Borges"]
[Result "0-1"]
[ECO "A00"]
[WhiteElo "1005"]
[BlackElo "1584"]
[Annotator "NA"]
[PlyCount "84"]
[EventDate "2020.01.20"]
[EventType "swiss"]
[EventRounds "10"]
[EventCountry "BRA"]
[SourceTitle "playchess.com"]
[Source "ChessBase"]
[SourceQuality "1"]
[TimeControl "5400+30"]

1. e4 c5 2. Nf3 d6 3. Bd3 g6 4. Nc3 Bg7 5. b3 Nf6 6. Bb2 e6 7. O-O O-O 8. Re1 Nc6 9. Ne2 e5 10. c4 Nh5 11. a3 Bg4 12. Ng3 Nf4 13. Be2 Nxe2+ 14. Qxe2 Nd4 15. Bxd4 exd4 16. d3 Re8 17. Qd1 a6 18. a4 b5 19. axb5 axb5 20. Qe2 bxc4 21. bxc4 Rxa1 22. Rxa1 Qb6 23. h3 Bd7 24. Re1 Bc6 25. Qd2 Ra8 26. Ng5 Bh6 27. Qf4 Rf8 28. Qf6 Ba4 29. h4 Bg7 30. Qf4 Bc2 31. Qd2 Qb3 32. Kh2 Bxd3 33. Rc1 Bxc4 34. Qc2 Qxc2 35. Rxc2 Be6 36. Nf3 Rc8 37. h5 d3 38. Rd2 c4 39. hxg6 hxg6 40. Nf1 c3 41. Rd1 c2 42. Rc1 Bb2 0-1

[Event "VI Floripa Open 2020"]
[Site "Florianopolis"]
[Date "2020.01.20"]
[Round "1.165"]
[White "Santos, Marcos Correia"]
[Black "Rodrigues Nogueira, Carlos Manuel"]
[Result "1/2-1/2"]
[ECO "B13"]
[WhiteElo "1582"]
[BlackElo "1971"]
[Annotator "NA"]
[PlyCount "76"]
[EventDate "2020.01.20"]
[EventType "swiss"]
[EventRounds "10"]
[EventCountry "BRA"]
[SourceTitle "playchess.com"]
[Source "ChessBase"]
[SourceQuality "1"]
[TimeControl "5400+30"]

1. e4 c6 2. d4 d5 3. exd5 cxd5 4. Bd3 Nc6 5. c3 Nf6 6. Bf4 Bg4 7. Qb3 Qd7 8. Nd2 e6 9. Ngf3 Bxf3 10. Nxf3 a6 11. Ne5 Nxe5 12. dxe5 Nh5 13. Be3 g6 14. O-O Ng7 15. Rad1 b5 16. Qc2 Be7 17. Qd2 O-O 18. Bh6 Rfc8 19. g4 b4 20. cxb4 Qa4 21. a3 a5 22. Ra1 axb4 23. axb4 Qxb4 24. Qxb4 Bxb4 25. Rxa8 Rxa8 26. Rc1 Ne8 27. Kg2 f6 28. Bf4 fxe5 29. Bxe5 Bd6 30. Bxd6 Nxd6 31. Rc6 Rd8 32. b4 Kf7 33. b5 Ke7 34. b6 Rb8 35. Ba6 Kd7 36. Rc7+ Kd8 37. Rc6 Kd7 38. Rc7+ Kd8 1/2-1/2

[Event "VI Floripa Open 2020"]
[Site "Florianopolis"]
[Date "2020.01.21"]
[Round "2.7"]
[White "De Oliveira, Victor Gabriel C."]
[Black "Vazquez, Guillermo"]
[Result "0-1"]
[ECO "E14"]
[WhiteElo "2146"]
[BlackElo "2510"]
[Annotator "RC"]
[PlyCount "102"]
[EventDate "2020.01.20"]
[EventType "swiss"]
[EventRounds "10"]
[EventCountry "BRA"]
[SourceTitle "playchess.com"]
[Source "ChessBase"]
[SourceQuality "1"]
[TimeControl "5400+30"]

1. Nf3 Nf6 2. c4 e6 3. e3 b6 4. b3 Bb7 5. Bb2 d5 6. Nc3 Nbd7 7. d4 Bd6 8. cxd5 exd5 9. Bd3 O-O 10. O-O a6 11. Rc1 Qe7 12. Ne2 Ne4 13. Nf4 g5 14. Nh5 f5 15. Qc2 c6 16. Qe2 a5 17. Rc2 Rae8 18. Rfc1 g4 19. Ne5 Nxe5 20. dxe5 Bxe5 21. Bxe5 Qxe5 22. Nf4 c5 23. Bxe4 Qxe4 24. Qd2 Rd8 25. Re1 Rfe8 26. Rcc1 Kf7 27. Rcd1 d4 28. exd4 Rxd4 29. Rxe4 Rxd2 30. Rxd2 Rxe4 31. h4 Ke7 32. Ne2 Bc6 33. Ng3 Re5 34. Nh5 a4 35. Kh2 axb3 36. axb3 Bd5 37. Rd3 Bf7 38. Nf4 Re4 39. Nd5+ Bxd5 40. Rxd5 Ke6 41. Rd3 b5 42. Rd8 Rb4 43. Rh8 Rxb3 44. Rxh7 Kf6 45. Rc7 Rc3 46. Rc6+ Kg7 47. f3 gxf3 48. gxf3 b4 49. Kg3 b3 50. Kf4 b2 51. Rb6 Rc4+ 0-1

[Event "VI Floripa Open 2020"]
[Site "Florianopolis"]
[Date "2020.01.21"]
[Round "2.12"]
[White "Nery Junior, Jose Antonio"]
[Black "Matsuura, Everaldo"]
[Result "0-1"]
[ECO "B17"]
[WhiteElo "2121"]
[BlackElo "2433"]
[Annotator "ChessBase"]
[PlyCount "92"]
[EventDate "2020.01.20"]
[EventType "swiss"]
[EventRounds "10"]
[EventCountry "BRA"]
[SourceTitle "playchess.com"]
[Source "ChessBase"]
[SourceQuality "1"]
[TimeControl "5400+30"]

1. e4 c6 2. d4 d5 3. Nd2 dxe4 4. Nxe4 Nd7 5. Bc4 Ngf6 6. Ng5 e6 7. Qe2 Nb6 8. Bb3 h6 9. N5f3 c5 10. Be3 Qc7 11. dxc5 Bxc5 12. O-O-O O-O 13. Bxc5 Qxc5 14. Ne5 a5 15. a3 a4 16. Ba2 Nbd5 17. g4 Nf4 18. Qe3 Qxe3+ 19. fxe3 N4d5 20. Rd3 b5 21. h4 Bb7 22. Rh2 Ne4 23. Nd7 Rfd8 24. Bxd5 exd5 25. Ne5 Ra6 26. Ne2 Rf6 27. Nd4 Re8 28. Nef3 Ba6 29. Rd1 Rb6 30. c3 Nd6 31. Nc2 Nc4 32. Re2 Bc8 33. Nh2 Bb7 34. Nf1 Rg6 35. Nh2 Rge6 36. Nf1 Re4 37. Rd4 Ne5 38. Rg2 Bc8 39. Rxe4 dxe4 40. g5 Bh3 41. Rg1 Nf3 42. Rh1 Bg2 43. Ng3 Bxh1 44. Nxh1 hxg5 45. hxg5 Re5 46. Nd4 Rxg5 0-1

[Event "VI Floripa Open 2020"]
[Site "Florianopolis"]
[Date "2020.01.21"]
[Round "2.13"]
[White "Carneiro, Vitor Roberto Castro"]
[Black "Silva, Kaua Marques"]
[Result "1-0"]
[ECO "A36"]
[WhiteElo "2432"]
[BlackElo "2136"]
[Annotator "RC"]
[PlyCount "91"]
[EventDate "2020.01.20"]
[EventType "swiss"]
[EventRounds "10"]
[EventCountry "BRA"]
[SourceTitle "playchess.com"]
[Source "ChessBase"]
[SourceQuality "1"]
[TimeControl "5400+30"]

1. c4 c5 2. g3 Nc6 3. Bg2 g6 4. Nc3 Bg7 5. a3 d6 6. Rb1 a5 7. e4 e5 8. Nge2 Nge7 9. d3 O-O 10. O-O Be6 11. Be3 Rb8 12. f4 Qd7 13. Qd2 b6 14. Nd5 Nd4 15. Nxe7+ Qxe7 16. f5 gxf5 17. Bxd4 cxd4 18. exf5 Bc8 19. a4 Qf6 20. g4 Bh6 21. Qe1 Qg5 22. Rf3 Kh8 23. h3 Bb7 24. Rg3 Bxg2 25. Kxg2 Qe7 26. Rf3 Bg5 27. Ng3 Bh4 28. Qe4 f6 29. Nh5 Qd7 30. b3 Rbc8 31. Ng3 d5 32. Qxd5 Qxd5 33. cxd5 Rc2+ 34. Rf2 Rc3 35. Rd2 Bg5 36. Rdd1 Rc2+ 37. Kf3 Rd8 38. Ne4 Rxd5 39. b4 Rc6 40. Nxg5 fxg5 41. Ke4 Rd8 42. bxa5 bxa5 43. Rb5 Rc2 44. Kxe5 Re2+ 45. Kf6 h6 46. Re5 1-0

[Event "VI Floripa Open 2020"]
[Site "Florianopolis"]
[Date "2020.01.21"]
[Round "2.15"]
[White "Heinechen, Juan"]
[Black "Umetsubo, Cesar Hidemitsu"]
[Result "1/2-1/2"]
[ECO "B81"]
[WhiteElo "2110"]
[BlackElo "2385"]
[Annotator "ChessBase"]
[PlyCount "90"]
[EventDate "2020.01.20"]
[EventType "swiss"]
[EventRounds "10"]
[EventCountry "BRA"]
[SourceTitle "playchess.com"]
[Source "ChessBase"]
[SourceQuality "1"]
[TimeControl "5400+30"]

1. e4 c5 2. Nf3 e6 3. d4 cxd4 4. Nxd4 Nf6 5. Nc3 d6 6. g4 h6 7. Be3 e5 8. Bb5+ Bd7 9. Bxd7+ Qxd7 10. Nf5 g6 11. Nxh6 Bxh6 12. Bxh6 Rxh6 13. g5 Rh3 14. gxf6 Nc6 15. Nb5 O-O-O 16. c3 a6 17. Na3 d5 18. exd5 Qf5 19. Qe2 Rxd5 20. Nc4 Kb8 21. Ne3 Qe4 22. Nxd5 Qxh1+ 23. Qf1 Qf3 24. Ne3 Rxh2 25. Qe2 Rh1+ 26. Nf1 Qf4 27. Qe3 Qc4 28. Qe2 Qd5 29. f3 Qd6 30. Qg2 Rh8 31. Qg5 e4 32. Rd1 Qe6 33. Qf4+ Ne5 34. fxe4 Rh4 35. Qg3 Rg4 36. Qf2 Rxe4+ 37. Kd2 Qxa2 38. Kc1 Qa1+ 39. Kc2 Qa4+ 40. Kc1 Qa1+ 41. Kc2 Qa4+ 42. Kc1 Nc6 43. Ng3 Qa1+ 44. Kc2 Qa4+ 45. Kc1 Qa1+ 1/2-1/2

[Event "VI Floripa Open 2020"]
[Site "Florianopolis"]
[Date "2020.01.21"]
[Round "2.16"]
[White "Coro, Lucas"]
[Black "De Borba, Gabriel"]
[Result "1-0"]
[ECO "B40"]
[WhiteElo "2366"]
[BlackElo "2124"]
[Annotator "ChessBase"]
[PlyCount "73"]
[EventDate "2020.01.20"]
[EventType "swiss"]
[EventRounds "10"]
[EventCountry "BRA"]
[SourceTitle "playchess.com"]
[Source "ChessBase"]
[SourceQuality "1"]
[TimeControl "5400+30"]

1. e4 c5 2. Nf3 e6 3. d4 cxd4 4. Nxd4 Nf6 5. Bd3 Nc6 6. Nxc6 dxc6 7. Nc3 e5 8. Qf3 Qc7 9. O-O Be7 10. a4 Be6 11. a5 O-O 12. Qe2 Nd7 13. Bc4 Nc5 14. Be3 Bxc4 15. Qxc4 Ne6 16. b4 b5 17. axb6 axb6 18. b5 Bc5 19. bxc6 Qxc6 20. Nd5 Qb7 21. Qb5 Rxa1 22. Rxa1 Nd4 23. Qc4 h6 24. h3 Ra8 25. Rxa8+ Qxa8 26. c3 Ne6 27. Nxb6 Qa1+ 28. Kh2 Bxe3 29. fxe3 Qe1 30. Nd5 Ng5 31. Qc8+ Kh7 32. Qg4 Qb1 33. Qf5+ Kh8 34. Qc8+ Kh7 35. Ne7 h5 36. Qg8+ Kh6 37. Nf5+ 1-0

[Event "VI Floripa Open 2020"]
[Site "Florianopolis"]
[Date "2020.01.21"]
[Round "2.18"]
[White "Gruettner, Ralf"]
[Black "Aranha Filho, Alvaro Z."]
[Result "1-0"]
[ECO "A00"]
[WhiteElo "2099"]
[BlackElo "2340"]
[Annotator "ChessBase"]
[PlyCount "30"]
[EventDate "2020.01.20"]
[EventType "swiss"]
[EventRounds "10"]
[EventCountry "BRA"]
[SourceTitle "playchess.com"]
[Source "ChessBase"]
[SourceQuality "1"]
[TimeControl "5400+30"]

1. d4 Nf6 2. c4 c5 3. d5 b5 4. cxb5 a6 5. e3 g6 6. Nc3 axb5 7. Bxb5 Bg7 8. Nf3 O-O 9. O-O Ba6 10. a4 d6 11. Re1 Bxb5 12. Nxb5 Nfd7 13. Qc2 Na6 14. Nd2 Qa5 15. Nc3 Rfe8 {ilegivel} 1-0

[Event "VI Floripa Open 2020"]
[Site "Florianopolis"]
[Date "2020.01.21"]
[Round "2.19"]
[White "Rodrigues, Edgar"]
[Black "De Carvalho, Christopher"]
[Result "1-0"]
[ECO "C45"]
[WhiteElo "2328"]
[BlackElo "2100"]
[Annotator "ChessBase"]
[PlyCount "47"]
[EventDate "2020.01.20"]
[EventType "swiss"]
[EventRounds "10"]
[EventCountry "BRA"]
[SourceTitle "playchess.com"]
[Source "ChessBase"]
[SourceQuality "1"]
[TimeControl "5400+30"]

1. e4 e5 2. Nf3 Nc6 3. d4 exd4 4. Nxd4 Nf6 5. Nxc6 bxc6 6. e5 Qe7 7. Qe2 Nd5 8. c4 Nb6 9. Nd2 Ba6 10. b3 Qe6 11. Bb2 Bb4 12. O-O-O O-O 13. f4 Qe7 14. Ne4 Ba3 15. Qc2 Rab8 16. c5 Bxb2+ 17. Kxb2 Bxf1 18. cxb6 Ba6 19. bxc7 Rb5 20. g4 f6 21. exf6 gxf6 22. Nd6 Rb4 23. Rhe1 Qg7 24. Nf5 1-0

[Event "VI Floripa Open 2020"]
[Site "Florianopolis"]
[Date "2020.01.21"]
[Round "2.20"]
[White "Urquiza, Marcello de Albuquer"]
[Black "Oliveira, Silvio Eduardo"]
[Result "1/2-1/2"]
[ECO "B53"]
[WhiteElo "2079"]
[BlackElo "2300"]
[Annotator "ChessBase"]
[PlyCount "92"]
[EventDate "2020.01.20"]
[EventType "swiss"]
[EventRounds "10"]
[EventCountry "BRA"]
[SourceTitle "playchess.com"]
[Source "ChessBase"]
[SourceQuality "1"]
[TimeControl "5400+30"]

1. e4 c5 2. Nf3 d6 3. d4 cxd4 4. Qxd4 Nc6 5. Bb5 Bd7 6. Bxc6 Bxc6 7. Nc3 Nf6 8. Bg5 e6 9. Bxf6 Qxf6 10. Qxf6 gxf6 11. Nd4 Rc8 12. Nxc6 Rxc6 13. O-O-O Ke7 14. g3 Bh6+ 15. f4 Rhc8 16. Rhf1 Rc5 17. Rd4 Bg7 18. f5 a6 19. a4 h5 20. Rb4 Bh6+ 21. Kd1 R8c7 22. Ke2 Rd7 23. Kd3 Re5 24. Rf2 d5 25. exd5 exd5 26. Rf3 Kd6 27. Rh4 Bc1 28. b3 Rde7 29. Rxh5 Kc5 30. b4+ Kd6 31. Rh8 Kc7 32. h4 d4 33. Kxd4 Bb2 34. Kc4 b5+ 35. axb5 Bxc3 36. Rxc3 axb5+ 37. Kb3+ Kb7 38. Rc5 Rxc5 39. bxc5 Kc6 40. g4 Re3+ 41. c3 Rh3 42. Re8 Kd5 43. Rg8 Kxc5 44. h5 Rh4 45. h6 Rh3 46. Rh8 Kd6 1/2-1/2

[Event "VI Floripa Open 2020"]
[Site "Florianopolis"]
[Date "2020.01.21"]
[Round "2.21"]
[White "Guimaraes, Diogo Duarte"]
[Black "Torella, Rodolfo"]
[Result "0-1"]
[ECO "D43"]
[WhiteElo "2292"]
[BlackElo "2091"]
[Annotator "ChessBase"]
[PlyCount "70"]
[EventDate "2020.01.20"]
[EventType "swiss"]
[EventRounds "10"]
[EventCountry "BRA"]
[SourceTitle "playchess.com"]
[Source "ChessBase"]
[SourceQuality "1"]
[TimeControl "5400+30"]

1. d4 d5 2. c4 e6 3. Nc3 Nf6 4. Nf3 c6 5. Bg5 h6 6. Bxf6 Qxf6 7. e3 Nd7 8. Be2 g6 9. O-O Bg7 10. e4 dxe4 11. Nxe4 Qe7 12. Re1 O-O 13. Qc2 e5 14. d5 f5 15. Nc3 e4 16. Bf1 Qd6 17. dxc6 bxc6 18. Rad1 Qc5 19. Na4 Qa5 20. Nd2 Nc5 21. Nxc5 Qxc5 22. Nb3 Qb4 23. c5 Be6 24. f3 Bd5 25. fxe4 fxe4 26. Nd2 Rae8 27. a3 Qxb2 28. Qxb2 Bxb2 29. Nc4 Rxf1+ 30. Rxf1 Bxc4 31. Rf2 Bxa3 32. Rf6 Bxc5+ 33. Kh1 e3 34. Rxg6+ Kh7 35. Rxc6 e2 0-1

[Event "VI Floripa Open 2020"]
[Site "Florianopolis"]
[Date "2020.01.21"]
[Round "2.22"]
[White "Souza Neves, Andrey M."]
[Black "Menna Barreto, Luiz Ney"]
[Result "1/2-1/2"]
[ECO "D35"]
[WhiteElo "2068"]
[BlackElo "2283"]
[Annotator "ChessBase"]
[PlyCount "44"]
[EventDate "2020.01.20"]
[EventType "swiss"]
[EventRounds "10"]
[EventCountry "BRA"]
[SourceTitle "playchess.com"]
[Source "ChessBase"]
[SourceQuality "1"]
[TimeControl "5400+30"]

1. d4 e6 2. c4 Nf6 3. Nc3 d5 4. cxd5 exd5 5. Bg5 c6 6. e3 Be7 7. Bd3 Bg4 8. Qc2 Bh5 9. Nf3 Bg6 10. Ne5 Bxd3 11. Nxd3 Nbd7 12. O-O O-O 13. Bxf6 Nxf6 14. b4 Rc8 15. Rab1 Re8 16. Ne5 Bd6 17. f4 Qe7 18. Qb3 a6 19. Rfe1 Qe6 20. Qc2 Qe7 21. Qb3 Qe6 22. Qc2 Qe7 1/2-1/2

[Event "VI Floripa Open 2020"]
[Site "Florianopolis"]
[Date "2020.01.21"]
[Round "2.23"]
[White "Manzi, Luiz Antonio Bardaro"]
[Black "Matsuura, Frederico"]
[Result "0-1"]
[ECO "A46"]
[WhiteElo "2059"]
[BlackElo "2272"]
[Annotator "ChessBase"]
[PlyCount "84"]
[EventDate "2020.01.20"]
[EventType "swiss"]
[EventRounds "10"]
[EventCountry "BRA"]
[SourceTitle "playchess.com"]
[Source "ChessBase"]
[SourceQuality "1"]
[TimeControl "5400+30"]

1. Nf3 Nf6 2. g3 b5 3. Bg2 Bb7 4. O-O e6 5. d4 c5 6. e3 Be7 7. Nbd2 O-O 8. Re1 Qb6 9. c3 d6 10. e4 cxd4 11. Nxd4 Nbd7 12. Qe2 Ba6 13. b4 Rac8 14. Bb2 Rfe8 15. Bf1 e5 16. Nf5 Bf8 17. a4 d5 18. axb5 Bb7 19. exd5 Nxd5 20. Nc4 Qf6 21. Rxa7 Ba8 22. Nfe3 Nf4 23. Qg4 Nb6 24. Ra6 h5 25. Qd1 Red8 26. Qb3 Rxc4 27. Nxc4 Bd5 28. Rxb6 Nh3+ 29. Bxh3 Qf3 30. Kf1 Qh1+ 31. Ke2 Qe4+ 32. Kf1 Bxc4+ 33. Qxc4 Qxc4+ 34. Kg1 Qb3 35. Re2 Rd1+ 36. Kg2 Rb1 37. Rc6 Qd1 38. Kf3 Rxb2 39. Bf1 f5 40. Ke3 f4+ 41. gxf4 exf4+ 42. Kf3 Qd3+ 0-1

[Event "VI Floripa Open 2020"]
[Site "Florianopolis"]
[Date "2020.01.21"]
[Round "2.24"]
[White "Gazel, Frederico"]
[Black "Pereira, Geanfrancesco"]
[Result "1/2-1/2"]
[ECO "B74"]
[WhiteElo "2267"]
[BlackElo "2078"]
[Annotator "ChessBase"]
[PlyCount "51"]
[EventDate "2020.01.20"]
[EventType "swiss"]
[EventRounds "10"]
[EventCountry "BRA"]
[SourceTitle "playchess.com"]
[Source "ChessBase"]
[SourceQuality "1"]
[TimeControl "5400+30"]

1. Nc3 c5 2. Nf3 Nc6 3. e4 g6 4. d4 cxd4 5. Nxd4 Bg7 6. Be3 Nf6 7. Be2 O-O 8. Nb3 d6 9. O-O Be6 10. f4 Rc8 11. Bf3 a6 12. a4 Na5 13. Nxa5 Qxa5 14. Bd4 Rfd8 15. Kh1 Bc4 16. Rf2 e5 17. Be3 exf4 18. Bxf4 Qb6 19. Qe1 Nd7 20. Nd1 Ne5 21. Be3 Qc6 22. Nc3 Nxf3 23. Rxf3 d5 24. exd5 Bxd5 25. Nxd5 Qxd5 26. c3 1/2-1/2

[Event "VI Floripa Open 2020"]
[Site "Florianopolis"]
[Date "2020.01.21"]
[Round "2.25"]
[White "Sekula, Markley Ribas"]
[Black "Viana Da Costa, Fernando"]
[Result "0-1"]
[ECO "B22"]
[WhiteElo "2056"]
[BlackElo "2265"]
[Annotator "ChessBase"]
[PlyCount "102"]
[EventDate "2020.01.20"]
[EventType "swiss"]
[EventRounds "10"]
[EventCountry "BRA"]
[SourceTitle "playchess.com"]
[Source "ChessBase"]
[SourceQuality "1"]
[TimeControl "5400+30"]

1. e4 c5 2. c3 Nf6 3. e5 Nd5 4. Bc4 Nb6 5. Bb3 Nc6 6. Nf3 d5 7. exd6 e6 8. Na3 Bxd6 9. d4 O-O 10. Nb5 Be7 11. O-O c4 12. Bc2 a6 13. Na3 Bxa3 14. bxa3 Nd5 15. Bd2 h6 16. a4 Bd7 17. Qe2 b5 18. a3 Qe7 19. Rfe1 Rfc8 20. g4 Qd6 21. g5 hxg5 22. Nxg5 Nf6 23. Qf3 Ne7 24. Bf4 Qd5 25. Ne4 Bc6 26. Nxf6+ gxf6 27. Be4 Qd7 28. Qg3+ Kf8 29. Bh6+ Ke8 30. Qg7 Qb7 31. Bxc6+ Qxc6 32. d5 Nxd5 33. Qf8+ Kd7 34. Qxf7+ Kd8 35. Rxe6 Qd7 36. Qf8+ Kc7 37. Qc5+ Kb7 38. Qd6 Qxd6 39. Rxd6 Nxc3 40. axb5 axb5 41. Be3 Ra6 42. Rxa6 Kxa6 43. Kf1 Rh8 44. Kg2 Nd5 45. Bc5 Kb7 46. Re1 Kc6 47. Bd4 Rh4 48. Bxf6 Nxf6 49. Re6+ Kd5 50. Rxf6 c3 51. Rb6 c2 0-1

[Event "VI Floripa Open 2020"]
[Site "Florianopolis"]
[Date "2020.01.21"]
[Round "2.26"]
[White "De Borba, Guilherme"]
[Black "Maia, Jose Eduardo Bastos "]
[Result "1-0"]
[ECO "C90"]
[WhiteElo "2263"]
[BlackElo "2070"]
[Annotator "ChessBase"]
[PlyCount "81"]
[EventDate "2020.01.20"]
[EventType "swiss"]
[EventRounds "10"]
[EventCountry "BRA"]
[SourceTitle "playchess.com"]
[Source "ChessBase"]
[SourceQuality "1"]
[TimeControl "5400+30"]

1. e4 e5 2. Nf3 Nc6 3. Bb5 a6 4. Ba4 Nf6 5. d3 d6 6. c3 Be7 7. O-O O-O 8. Re1 b5 9. Bb3 Na5 10. Bc2 c5 11. Nbd2 Re8 12. Nf1 Bf8 13. a4 Bb7 14. Ng3 g6 15. d4 cxd4 16. cxd4 exd4 17. Nxd4 Qb6 18. b3 Bg7 19. Bb2 d5 20. e5 Nd7 21. f4 bxa4 22. Rxa4 Nc5 23. Ra2 Ne6 24. f5 Nc7 25. f6 Bf8 26. Kh1 Nc6 27. e6 Nxe6 28. Nxe6 Rxe6 29. Rxe6 fxe6 30. Qg4 Kf7 31. Qh3 Qf2 32. Qxh7+ Ke8 33. Bxg6+ Kd8 34. Bd3 Bc5 35. Ra1 Qxb2 36. Rb1 Qd2 37. Qxb7 Rc8 38. Bxa6 Rc7 39. Qa8+ Kd7 40. f7 Nd8 41. Bb5+ 1-0

[Event "VI Floripa Open 2020"]
[Site "Florianopolis"]
[Date "2020.01.21"]
[Round "2.27"]
[White "Filgueiras, Nathan Felipe"]
[Black "Campos, Alexandre Ferreira"]
[Result "1-0"]
[ECO "C50"]
[WhiteElo "2257"]
[BlackElo "2056"]
[Annotator "ChessBase"]
[PlyCount "53"]
[EventDate "2020.01.20"]
[EventType "swiss"]
[EventRounds "10"]
[EventCountry "BRA"]
[SourceTitle "playchess.com"]
[Source "ChessBase"]
[SourceQuality "1"]
[TimeControl "5400+30"]

1. e4 e5 2. Nf3 Nc6 3. Bc4 Be7 4. d4 d6 5. h3 Nf6 6. Nc3 O-O 7. O-O exd4 8. Nxd4 Ne5 9. Be2 c5 10. Nb3 Be6 11. f4 Nc6 12. Bf3 Bxb3 13. axb3 Nd4 14. Be3 Nxf3+ 15. Qxf3 Qc7 16. g4 h6 17. h4 Qd7 18. g5 hxg5 19. hxg5 Qg4+ 20. Qg2 Qxg2+ 21. Kxg2 Nd7 22. Nd5 Bd8 23. Rh1 f5 24. Rh3 fxe4 25. g6 Rf6 26. f5 Ne5 27. Nxf6+ 1-0

[Event "VI Floripa Open 2020"]
[Site "Florianopolis"]
[Date "2020.01.21"]
[Round "2.28"]
[White "Takano, Nicholas Ryo"]
[Black "Abdalla, Luiz Guilherme Aurel"]
[Result "0-1"]
[ECO "B80"]
[WhiteElo "2041"]
[BlackElo "2248"]
[Annotator "ChessBase"]
[PlyCount "48"]
[EventDate "2020.01.20"]
[EventType "swiss"]
[EventRounds "10"]
[EventCountry "BRA"]
[SourceTitle "playchess.com"]
[Source "ChessBase"]
[SourceQuality "1"]
[TimeControl "5400+30"]

1. e4 c5 2. Nf3 e6 3. d4 cxd4 4. Nxd4 Nf6 5. Nc3 d6 6. Be3 Nc6 7. f3 a6 8. Qd2 Be7 9. O-O-O O-O 10. g4 Nd7 11. h4 Nxd4 12. Bxd4 b5 13. Kb1 Bb7 14. a3 Rc8 15. Rg1 Ne5 16. Qg2 Nc6 17. Be3 b4 18. Na2 bxa3 19. b3 a5 20. g5 Nb4 21. Nxb4 axb4 22. Bd4 Qc7 23. Ba1 a2+ 24. Kc1 Qc3 0-1

[Event "VI Floripa Open 2020"]
[Site "Florianopolis"]
[Date "2020.01.21"]
[Round "2.29"]
[White "Miguel, Gabriel Carvalho Mor"]
[Black "Tomiello, Lucas Costamilan"]
[Result "1-0"]
[ECO "B51"]
[WhiteElo "2245"]
[BlackElo "2039"]
[Annotator "ChessBase"]
[PlyCount "113"]
[EventDate "2020.01.20"]
[EventType "swiss"]
[EventRounds "10"]
[EventCountry "BRA"]
[SourceTitle "playchess.com"]
[Source "ChessBase"]
[SourceQuality "1"]
[TimeControl "5400+30"]

1. e4 c5 2. Nf3 d6 3. Bb5+ Nd7 4. d4 cxd4 5. Qxd4 a6 6. Bxd7+ Bxd7 7. c4 e5 8. Qd3 b5 9. Nc3 bxc4 10. Qxc4 Be6 11. Qd3 h6 12. O-O Nf6 13. b3 Be7 14. Bb2 O-O 15. Rfd1 Qb6 16. Nd2 Rfc8 17. Nf1 Qb4 18. f3 Rab8 19. Ne3 g6 20. Rd2 a5 21. Rad1 Rc6 22. Ncd5 Bxd5 23. exd5 Rc5 24. Qa6 Rcc8 25. Kh1 Nd7 26. Qe2 a4 27. Nc2 Qh4 28. g3 Qh5 29. b4 Bg5 30. g4 Qh3 31. Rd3 Bf4 32. a3 Bxh2 33. Bc3 Bf4+ 34. Kg1 Rc7 35. Ne1 Rbc8 36. Bd2 Qg3+ 37. Kf1 Bxd2 38. R3xd2 Nf6 39. Rd3 h5 40. gxh5 Nxh5 41. Ng2 Qg5 42. Kf2 Rc2 43. R1d2 Qg3+ 44. Ke3 R2c3 45. Rxc3 Rxc3+ 46. Rd3 Rxd3+ 47. Kxd3 Qxg2 48. Qxg2 Nf4+ 49. Kd2 Nxg2 50. b5 e4 51. fxe4 Nh4 52. Ke2 Ng2 53. b6 Nf4+ 54. Ke3 Ng2+ 55. Kf2 Nf4 56. b7 Nd3+ 57. Ke3 1-0

[Event "VI Floripa Open 2020"]
[Site "Florianopolis"]
[Date "2020.01.21"]
[Round "2.30"]
[White "Chang, Suzana"]
[Black "Zallio, Luciano de Souza"]
[Result "1-0"]
[ECO "C01"]
[WhiteElo "2010"]
[BlackElo "2245"]
[Annotator "ChessBase"]
[PlyCount "81"]
[EventDate "2020.01.20"]
[EventType "swiss"]
[EventRounds "10"]
[EventCountry "BRA"]
[SourceTitle "playchess.com"]
[Source "ChessBase"]
[SourceQuality "1"]
[TimeControl "5400+30"]

1. e4 e6 2. d4 d5 3. exd5 exd5 4. Bd3 Bd6 5. h3 Nc6 6. Nf3 Nge7 7. O-O Be6 8. c3 Qd7 9. Ng5 Bf5 10. Bxf5 Nxf5 11. Re1+ Nce7 12. a4 h6 13. Nf3 g5 14. Na3 c6 15. Ne5 Qc7 16. Qh5 Bxe5 17. Rxe5 Ng7 18. Qe2 f6 19. Re3 Kf7 20. Qd3 Nef5 21. Re2 Rae8 22. Bd2 Rxe2 23. Qxe2 Nd6 24. f3 h5 25. Rf1 Ndf5 26. Qf2 Nd6 27. Re1 Re8 28. Nc2 Ndf5 29. Rxe8 Kxe8 30. Qe1+ Kf7 31. Nb4 Ne6 32. Nd3 Qb6 33. Qb1 Ng3 34. Be3 Ne2+ 35. Kf2 Nxc3 36. Qc2 Na2 37. Nc5 Kg7 38. h4 gxh4 39. b3 Nb4 40. Qc3 Qc7 41. Qxb4 1-0

[Event "VI Floripa Open 2020"]
[Site "Florianopolis"]
[Date "2020.01.21"]
[Round "2.31"]
[White "Larrea, Manuel"]
[Black "Lage, Pedro Ferreira"]
[Result "0-1"]
[ECO "C18"]
[WhiteElo "2235"]
[BlackElo "2038"]
[Annotator "ChessBase"]
[PlyCount "52"]
[EventDate "2020.01.20"]
[EventType "swiss"]
[EventRounds "10"]
[EventCountry "BRA"]
[SourceTitle "playchess.com"]
[Source "ChessBase"]
[SourceQuality "1"]
[TimeControl "5400+30"]

1. e4 e6 2. d4 d5 3. Nc3 Bb4 4. e5 c5 5. a3 Bxc3+ 6. bxc3 Ne7 7. Qg4 Qc7 8. Qxg7 Rg8 9. Qxh7 cxd4 10. Ne2 Nbc6 11. f4 dxc3 12. Qd3 d4 13. Nxd4 Nxd4 14. Qxd4 Bd7 15. Rb1 Nf5 16. Qf2 Qc6 17. Rb4 Qd5 18. Rg1 Bc6 19. g4 O-O-O 20. Bd3 Nd4 21. Kf1 Rh8 22. h4 Nf3 23. Re4 Nxg1 24. Kxg1 Bb5 25. Re3 Bxd3 26. Rxd3 Qc6 0-1

[Event "VI Floripa Open 2020"]
[Site "Florianopolis"]
[Date "2020.01.21"]
[Round "2.32"]
[White "Japiassu, Ricardo De Villa Nov"]
[Black "Terao, Juliana Sayumi"]
[Result "0-1"]
[ECO "A37"]
[WhiteElo "1994"]
[BlackElo "2232"]
[Annotator "ChessBase"]
[PlyCount "114"]
[EventDate "2020.01.20"]
[EventType "swiss"]
[EventRounds "10"]
[EventCountry "BRA"]
[SourceTitle "playchess.com"]
[Source "ChessBase"]
[SourceQuality "1"]
[TimeControl "5400+30"]

1. c4 c5 2. g3 g6 3. Bg2 Bg7 4. Nc3 Nc6 5. Nf3 d6 6. O-O e5 7. a3 Nge7 8. d3 O-O 9. Rb1 a5 10. Bd2 h6 11. Ne1 Be6 12. Nc2 d5 13. cxd5 Nxd5 14. Ne3 Nde7 15. Nc4 Rb8 16. Nb5 b6 17. Qa4 Bd7 18. Qc2 Nf5 19. b4 axb4 20. axb4 Nxb4 21. Bxb4 Bxb5 22. Bc3 Bxc4 23. dxc4 Nd6 24. Rfd1 Qe7 25. Bd5 b5 26. Qxg6 Nxc4 27. Bxc4 bxc4 28. Qe4 Qe6 29. Rxb8 Rxb8 30. Rd5 Bf8 31. Kg2 Rb3 32. Rxe5 Qa6 33. Qg4+ Kh7 34. Qf5+ Qg6 35. Qf3 Bg7 36. Re3 Bxc3 37. Rxc3 Rxc3 38. Qxc3 Qe6 39. h4 Qxe2 40. Qf6 Qe4+ 41. Kh2 Qe6 42. Qf3 Kg7 43. Qc3+ Qf6 44. Qc2 c3 45. Kg1 Qd4 46. Kf1 c4 47. Ke2 Kf6 48. Qh7 Qd2+ 49. Kf3 Qd3+ 50. Qxd3 cxd3 51. Ke3 d2 52. Ke2 Ke5 53. Kd1 Kd4 54. Ke2 Kc4 55. g4 Kb3 56. g5 hxg5 57. hxg5 Kc2 0-1